 Dungeon Crawl Stone Soup version 0.25.1-8-g42b30a86e7 (webtiles) character file.

Game seed: 747833839045199918

71143 pokeman the Eclecticist (level 14, -1/80 HPs)
             Began as a Deep Elf Wizard on Dec 16, 2020.
             Was a High Priest of Vehumet.
             Slain by a blink frog (14 damage)
             ... on level 6 of the Lair of Beasts.
             The game lasted 01:34:45 (27424 turns).

pokeman the Eclecticist (Deep Elf Wizard)          Turns: 27424, Time: 01:34:46

Health: -1/80      AC: 17    Str:  4    XL:     14   Next: 96%
Magic:  32/40      EV:  9    Int: 29    God:    Vehumet [*****.]
Gold:   1315       SH:  0    Dex: 13    Spells: 28/54 levels left

rFire    + . .     SeeInvis .   V - +2 scimitar (elec)
rCold    x . .     Gourm    .   (no shield)
rNeg     . . .     Faith    .   M - +0 swamp dragon scales
rPois    +         Spirit   .   r - +0 helmet
rElec    .         Reflect  .   y - +2 cloak
rCorr    .         Harm     .   n - +1 pair of gloves
MR       +....                  N - +0 pair of boots
Stlth    ++........             a - amulet of magic regeneration
HPRegen  0.23/turn              x - ring of fire
MPRegen  0.52/turn              L - ring of poison resistance

@: sleeping, very slightly contaminated, studying Maces & Flails
A: no striking features
a: Renounce Religion


You were on level 6 of the Lair of Beasts.
You worshipped Vehumet.
Vehumet was extremely pleased with you.
You were not hungry.

You visited 3 branches of the dungeon, and saw 21 of its levels.
You also visited: Sewer and Ossuary.

You collected 1653 gold pieces.
You spent 338 gold pieces at shops.

Inventory:

Hand Weapons
 h - the +4 short sword of Excruciating Pain {vorpal, MP-9 Int+8}
   (You found it on level 1 of the Lair of Beasts)

   It inflicts extra damage upon your enemies.
   It affects your intelligence (+8).
   It affects your magic capacity (-9).
 P - the +8 hand crossbow of Domination {penet, MR- Str+7 Int+3}
   (You bought it in a shop on level 11 of the Dungeon)

   Ammo fired by it will pass through the targets it hits, potentially hitting
   all targets in its path until it reaches maximum range.
   It affects your strength (+7).
   It affects your intelligence (+3).
   It affects your resistance to hostile enchantments.
 V - a +2 scimitar of electrocution (weapon)
Missiles
 p - 8 curare-tipped darts (quivered)
 K - 108 bolts
Armour
 n - a +1 pair of gloves (worn)
 r - a +0 helmet (worn)
 s - the +1 leather armour "Ukhlewnis" {*Slow rF+ Str+5 Dex+3, unknown}
   (You found it on level 2 of the Lair of Beasts)

   It affects your strength (+5).
   It affects your dexterity (+3).
   It protects you from fire.
   It may slow you when you take damage.
 y - a +2 cloak (worn)
 B - the cursed +1 leather armour of Ru's Delight {+Inv MR+, unknown}
   (You found it on level 3 of the Lair of Beasts)

   It affects your resistance to hostile enchantments.
   It lets you turn invisible.
   It has a curse placed upon it.
 D - the +1 ring mail of Instinct {*Contam rPois Stlth+, unknown}
   (You found it on level 3 of the Lair of Beasts)

   It protects you from poison.
   It causes magical contamination when unequipped.
   It makes you more stealthy.
 M - +0 swamp dragon scales (worn)
 N - a +0 pair of boots (worn)
Magical Staves
 U - an uncursed staff of poison
Jewellery
 a - an amulet of magic regeneration (around neck)
 b - an uncursed amulet of guardian spirit
 m - a +6 ring of dexterity
 u - an uncursed ring of flight
 x - a ring of fire (left hand)
 J - an uncursed ring of protection from fire {unknown}
 L - a ring of poison resistance (right hand)
Wands
 c - a wand of iceblast (22)
 o - a wand of paralysis (18)
 G - a wand of enslavement (12)
 O - a wand of acid (13)
 T - a wand of polymorph (7)
Scrolls
 g - 14 scrolls of remove curse
 i - 13 scrolls of teleportation
 j - 6 scrolls of magic mapping {unknown}
 k - 6 scrolls of enchant weapon {unknown}
 l - 6 scrolls of blinking {unknown}
 q - 8 scrolls of amnesia {unknown}
 t - 3 scrolls of identify
 w - 4 scrolls of fear {unknown}
 z - a scroll of enchant armour {unknown}
 C - a scroll of torment {unknown}
 S - 2 scrolls of holy word {unknown}
 W - a scroll of immolation {unknown}
Potions
 e - 2 potions of brilliance
 f - 11 potions of flight
 v - 16 potions of curing
 A - a potion of stabbing
 E - a potion of magic
 F - 4 potions of haste
 H - 3 potions of heal wounds
 I - a potion of berserk rage
Books
 X - a manual of Maces & Flails
Miscellaneous
 R - a box of beasts
Comestibles
 d - 49 rations
 Q - 2 chunks of flesh


   Skills:
 - Level 6.0 Fighting
 + Level 6.7 Armour
 - Level 3.0 Dodging
 - Level 3.0 Stealth
   Level 4.0 Shields
 * Level 20.5 Spellcasting
 + Level 13.0 Conjurations
 - Level 1.1 Summonings
 - Level 1.1 Translocations
 + Level 12.6 Fire Magic
 - Level 1.2 Air Magic
 - Level 1.1 Earth Magic
 - Level 1.0 Poison Magic
 - Level 1.1 Evocations


You had 28 spell levels left.
You knew the following spells:

 Your Spells              Type           Power        Failure   Level  Hunger
a - Magic Dart            Conj           ####         1%          1    None
b - Mephitic Cloud        Conj/Pois/Air  ######..     1%          3    None
c - Call Imp              Summ           #####...     6%          2    None
d - Blink                 Tloc           N/A          6%          2    None
e - Conjure Flame         Conj/Fire      ########     1%          3    None
f - Foxfire               Conj/Fire      ####         1%          1    None
g - Fireball              Conj/Fire      ########..   1%          5    None
h - Bolt of Magma         Conj/Fire/Erth #######...   1%          5    None
i - Stone Arrow           Conj/Erth      ######       1%          3    None
j - Apportation           Tloc           #####.       3%          1    None

Your spell library contained the following spells:

 Spells                   Type           Power        Failure   Level  Hunger
 Sandblast                Erth           #####.       1%          1    None
 Searing Ray              Conj           ######       1%          2    None
 Dazzling Flash           Conj/Hex       ######       1%          3    None
 Fulminant Prism          Conj/Hex       ######....   1%          4    None
 Iskenderun's Mystic Bla  Conj/Tloc      ######..     1%          4    None
 Summon Small Mammal      Summ           ####         3%          1    None
 Animate Skeleton         Necr           N/A          6%          1    None
 Beastly Appendage        Tmut           ####..       6%          1    None
 Corona                   Hex            ####...      6%          1    None
 Passwall                 Tmut/Erth      ####....     7%          2    None
 Slow                     Hex            ####....     9%          2    None
 Sticks to Snakes         Tmut           ####....     9%          2    None
 Spider Form              Tmut/Pois      ####......   14%         3    None
 Lee's Rapid Deconstruct  Erth           #####.....   26%         5    None
 Petrify                  Tmut/Erth      ####....     43%         4    None
 Ice Form                 Ice/Tmut       ####....     52%         4    None
 Blade Hands              Tmut           ####......   86%         5    None


Dungeon Overview and Level Annotations

Branches:
Dungeon (14/15)            Temple (1/1) D:6            Lair (6/6) D:8
 Shoals (0/4) Lair:3       Spider (0/4) Lair:4        Slime (0/5) Lair:5
    Orc (0/2) D:9          Vaults (0/5) D:13          Sewer (visited)
Ossuary (visited)

Altars:
Ashenzari
Cheibriados
Dithmenos
Elyvilon
Fedhas
Gozag
Hepliaklqana
Kikubaaqudgha
Makhleb
Nemelex Xobeh
Okawaru
Qazlal
Ru
Sif Muna
Trog
Uskayaw
Vehumet
Wu Jian
Xom
Yredelemnul
Zin
The Shining One
Beogh

Shops:
D:4 [   D:5 [:%(:   D:8 **?   D:10 ?   D:11 *((!


Message History

Casting: Blink (safe; 6% risk of failure)
Confirm with . or Enter, or press ? or * to list all spells.
You blink.
The hippogriff bites you but does no damage.
The hippogriff pecks you but does no damage.
The hippogriff claws you but does no damage.
The dream sheep bites you but does no damage.
The hippogriff bites you.
* * * LOW HITPOINT WARNING * * *
The hippogriff pecks you!
* * * LOW HITPOINT WARNING * * *
The hippogriff claws you but does no damage.
Found two robes and a scroll of teleportation.
Casting: Blink (safe; 6% risk of failure)
Confirm with . or Enter, or press ? or * to list all spells.
You blink.
The dream sheep shake their wool and sparkle.
You feel drowsy...
You fall asleep.
The blink frog hits you!
You die...

##.....[.... P.........
#.#. ....†.## ....
###.....###. #####
#..Yt....... ...P#
##..H........ ###.#..
##...YH†......
#.'.#..####P.†YFY.......
###.#...##P.PYYY@.†.....
...P#..###....Y§....#...
#####....##[Y....P.#....
............÷....##.#...
.................# ## #
.........#.P......#
.........##P.P....#
..#..#....##.###..#
...###.####### #..#


You could see 3 death yaks, 2 hippogriffs, 2 yaks, a blink frog, a crocodile and
4 dream sheep.

Vanquished Creatures
  Rupert (Lair:5)
  A dire elephant (Lair:6)
  3 vault guards (D:13)
  2 catoblepae (Lair:6)
  7 hydras
  2 centaur warriors
  6 death yaks
  3 two-headed ogres
  A death knight (D:12)
  Urug (D:10)
  4 skeletal warriors (D:14)
  An unseen horror (D:14)
  A wizard (D:13)
  2 deep elf magi
  Pikel (D:6)
  2 orc knights (D:13)
  5 oklob plants
  3 manticores
  4 cyclopes
  16 ugly things
  4 black mambas (Lair:6)
  10 spiny frogs
  3 gargoyles
  Maggie (D:7)
  A kobold demonologist (D:12)
  13 komodo dragons
  3 yaktaurs (D:13)
  2 rime drakes
  A tengu conjurer (D:13)
  4 trolls
  2 polar bears
  2 dream sheep (Lair:6)
  15 blink frogs
  10 hippogriffs
  3 slime creatures (D:13)
  3 water elementals (D:14)
  3 basilisks
  37 yaks
  A human (shapeshifter) (D:14)
  6 humans (D:10)
  5 hungry ghosts
  3 vampire mosquitoes (D:14)
  10 water moccasins
  An acid dragon (D:8)
  A soldier ant (D:10)
  7 porcupines
  3 slaves (D:6)
  4 ice beasts
  5 sky beasts
  A black bear (D:6)
  A hornet zombie (D:10)
  4 orc warriors
  10 ogres
  5 wolves (Lair:3)
  17 centaurs
  9 crocodiles
  2 big kobolds
  20 bullfrogs
  A water moccasin zombie (D:7)
  2 wyvern skeletons (D:14)
  5 scorpions
  9 howler monkeys
  4 wights (D:4)
  3 electric eels
  7 crimson imps
  4 hounds
  2 bullfrog zombies
  6 jellies
  12 orc priests
  9 orc wizards
  4 centaur skeletons
  A bullfrog skeleton (D:7)
  Ijyb (D:3)
  Natasha (thrice) (D:2)
  4 iguanas
  6 worker ants
  A killer bee zombie (D:9)
  2 big kobold zombies (Ossuary)
  3 hound skeletons
  3 mummies (Ossuary)
  2 worker ant zombies
  Robin (D:2)
  7 gnolls (D:7)
  10 adders
  5 river rats (Sewer)
  3 shadow imps
  An adder skeleton (D:9)
  2 adder zombies
  5 worms
  3 dart slugs
  4 leopard geckos
  35 orcs
  5 ball pythons
  6 bats
  5 giant cockroaches
  8 goblins
  7 hobgoblins
  6 jackals
  18 kobolds
  6 quokkas
  14 frilled lizards
  3 goblin zombies (Ossuary)
  4 hobgoblin zombies (Ossuary)
  2 kobold zombies (Ossuary)
  A leopard gecko skeleton (D:4)
  A leopard gecko zombie (D:8)
  3 quokka zombies (Ossuary)
  9 rats
  3 rat zombies (Ossuary)
  A bush (Lair:3)
  4 fungi
  8 plants
582 creatures vanquished.

Vanquished Creatures (collateral kills)
  An ogre (D:4)
  A river rat (D:3)
  A ball python (D:3)
  2 giant cockroaches (D:3)
5 creatures vanquished.

Vanquished Creatures (others)
  An orc priest (D:6)
  2 orcs (D:6)
  473 foxfires
  23 fungi
  22 plants
521 creatures vanquished.

Grand Total: 1108 creatures vanquished

Notes
Turn   | Place    | Note
-------+----------+-------------------------------------------
     0 | D:1      | pokeman the Deep Elf Wizard began the quest for the Orb.
     0 | D:1      | Reached XP level 1. HP: 10/10 MP: 7/7
   258 | D:1      | Reached XP level 2. HP: 16/16 MP: 6/9
   798 | D:1      | Reached skill level 5 in Spellcasting
   990 | D:1      | Reached XP level 3. HP: 18/20 MP: 5/11
  1126 | D:1      | Learned a level 3 spell: Mephitic Cloud
  1129 | D:1      | Learned a level 2 spell: Call Imp
  1132 | D:1      | Learned a level 2 spell: Blink
  1136 | D:1      | Learned a level 3 spell: Conjure Flame
  1372 | D:2      | Reached skill level 1 in Fighting
  1372 | D:2      | Reached skill level 1 in Armour
  1768 | D:2      | Reached XP level 4. HP: 25/25 MP: 5/13
  1888 | D:2      | Noticed Robin
  1907 | D:2      | Killed Robin
  2169 | D:2      | Found an iron altar of Okawaru.
  2187 | D:2      | Noticed Natasha
  2196 | D:2      | Killed Natasha
  2196 | D:2      | Reached skill level 1 in Fire Magic
  2642 | D:2      | Noticed Natasha
  2660 | D:2      | Killed Natasha
  2660 | D:2      | Reached skill level 6 in Spellcasting
  2660 | D:2      | Reached XP level 5. HP: 29/29 MP: 5/15
  2858 | D:2      | Noticed Natasha
  2867 | D:2      | Killed Natasha
  2873 | D:3      | Found a snail-covered altar of Cheibriados.
  3011 | D:3      | Noticed Ijyb
  3024 | D:3      | Killed Ijyb
  3104 | D:3      | Found a stormy altar of Qazlal.
  3105 | D:3      | Found an opulent altar of Gozag.
  3157 | D:3      | Found a glowing drain.
  3166 | Sewer    | Entered a sewer
  3210 | Sewer    | Reached skill level 1 in Air Magic
  3753 | Sewer    | Reached XP level 6. HP: 31/34 MP: 12/17
  4910 | D:4      | Reached skill level 1 in Poison Magic
  4914 | D:4      | Reached skill level 7 in Spellcasting
  4933 | D:4      | Reached skill level 1 in Evocations
  5203 | D:4      | Found a glowing golden altar of the Shining One.
  5266 | D:4      | Noticed an angel
  5273 | D:4      | Found a basalt altar of Yredelemnul.
  5276 | D:4      | Noticed a profane servitor
  5808 | D:4      | Reached XP level 7. HP: 38/38 MP: 14/20
  6194 | D:4      | Found Tuemuh's Antique Armour Shoppe.
  6305 | D:5      | Entered Level 5 of the Dungeon
  6392 | D:5      | Found Ethozu's Book Shop.
  6432 | D:5      | Reached skill level 8 in Spellcasting
  6521 | D:5      | Found Vurchac's Weapon Boutique.
  6891 | D:5      | Found Oros Ogu's Book Shoppe.
  6972 | D:5      | Found Hoateadd's Armour Boutique.
  7083 | D:5      | Found Syrrast's Food Shop.
  7397 | D:6      | Reached XP level 8. HP: 44/44 MP: 20/22
  7408 | D:6      | Found a staircase to the Ecumenical Temple.
  7435 | D:6      | Noticed Pikel
  7456 | D:6      | Killed Pikel
  7456 | D:6      | Reached skill level 9 in Spellcasting
  7456 | D:6      | Reached skill level 5 in Conjurations
  7475 | Temple   | Entered the Ecumenical Temple
  7629 | Temple   | Became a worshipper of Vehumet
  7728 | D:6      | Found a sand-covered staircase.
  7733 | Ossuary  | Entered an ossuary
  8325 | D:6      | Reached * piety under Vehumet
  8325 | D:6      | Offered knowledge of Foxfire by Vehumet.
  8325 | D:6      | Reached skill level 10 in Spellcasting
  8328 | D:6      | Learned a level 1 spell: Foxfire
  8438 | D:6      | Learned a level 3 spell: Stone Arrow
  8582 | D:6      | Learned a level 1 spell: Apportation
  9096 | D:7      | Reached XP level 9. HP: 48/48 MP: 18/25
  9311 | D:7      | Reached skill level 5 in Fire Magic
  9402 | D:7      | Reached skill level 11 in Spellcasting
  9406 | D:7      | Reached ** piety under Vehumet
  9406 | D:7      | Offered knowledge of Shock by Vehumet.
 10006 | D:7      | Noticed Maggie
 10148 | D:7      | Your ally died
 10148 | D:7      | Reached skill level 1 in Earth Magic
 10302 | D:7      | Found a bloodstained altar of Trog.
 10303 | D:7      | Identified the Tome of Retrieval
 10569 | D:7      | Reached skill level 1 in Shields
 11022 | D:8      | Noticed a gargoyle
 11036 | D:8      | Killed a gargoyle
 11036 | D:8      | Reached skill level 12 in Spellcasting
 11183 | D:8      | Offered knowledge of Ignite Poison by Vehumet.
 11318 | D:8      | Reached XP level 10. HP: 37/56 MP: 2/28
 11454 | D:8      | Found Imucrirgh's Magic Scroll Boutique.
 11473 | D:8      | Bought a scroll of identify for 30 gold pieces
 11473 | D:8      | Bought a scroll of noise for 15 gold pieces
 11473 | D:8      | Bought a scroll of teleportation for 45 gold pieces
 11473 | D:8      | Bought a scroll of fog for 30 gold pieces
 11473 | D:8      | Bought a scroll of random uselessness for 15 gold pieces
 11773 | D:8      | Found Caluismy's General Store.
 11881 | D:8      | Found Juasaykh's Assorted Antiques.
 11890 | D:8      | Reached *** piety under Vehumet
 11982 | D:8      | Found a staircase to the Lair.
 12308 | D:9      | Reached skill level 13 in Spellcasting
 12431 | D:9      | Found a staircase to the Orcish Mines.
 12620 | D:9      | Found a shimmering altar of Xom.
 12620 | D:9      | Found a shimmering altar of Xom.
 12621 | D:9      | Found a shimmering altar of Xom.
 12625 | D:9      | Found a shimmering altar of Xom.
 12625 | D:9      | Found a shimmering altar of Xom.
 12664 | D:9      | Offered knowledge of Static Discharge by Vehumet.
 12836 | D:9      | Found a shimmering altar of Xom.
 13135 | D:9      | Noticed a torpor snail
 13175 | D:10     | Entered Level 10 of the Dungeon
 13340 | D:10     | Noticed Urug
 13364 | D:10     | Killed Urug
 13630 | D:10     | Found Isicw's Magic Scroll Boutique.
 13644 | D:10     | Bought a scroll of remove curse for 33 gold pieces
 14289 | D:11     | Reached skill level 14 in Spellcasting
 14289 | D:11     | Reached XP level 11. HP: 60/60 MP: 25/31
 14336 | D:11     | Found Keedgh's Antique Weapon Shoppe.
 14336 | D:11     | Found Paxy's Distillery.
 14406 | D:11     | Reached **** piety under Vehumet
 14430 | D:11     | Found Imeazoz's Antique Weapon Boutique.
 14431 | D:11     | Noticed a centaur warrior
 14452 | D:11     | Killed a centaur warrior
 14500 | D:11     | Bought a dazzling hand crossbow for 170 gold pieces
 14696 | D:11     | Found Ygosyadu's Assorted Antiques.
 14834 | D:11     | Noticed a two-headed ogre
 14843 | D:11     | Killed a two-headed ogre
 15087 | D:12     | Offered knowledge of Iskenderun's Battlesphere by Vehumet.
 15269 | D:12     | Noticed a death knight
 15287 | D:12     | Killed a death knight
 15287 | D:12     | Reached skill level 15 in Spellcasting
 15978 | D:12     | Noticed a deep elf mage
 15982 | D:12     | Killed a deep elf mage
 16122 | D:12     | You fall into a shaft and drop 2 floors!
 16137 | D:14     | Killed an unseen horror
 16137 | D:14     | Reached XP level 12. HP: 16/66 MP: 19/33
 16290 | D:14     | Reached skill level 16 in Spellcasting
 16382 | D:14     | Reached skill level 10 in Conjurations
 16565 | D:13     | Noticed a two-headed ogre
 16573 | D:13     | Killed a two-headed ogre
 16675 | D:13     | Found a blossoming altar of Fedhas.
 16686 | D:13     | Reached ***** piety under Vehumet
 16868 | D:12     | Found a roughly hewn altar of Beogh.
 16972 | D:12     | Offered knowledge of Bolt of Magma by Vehumet.
 16980 | D:12     | Learned a level 5 spell: Bolt of Magma
 17580 | D:13     | Reached skill level 10 in Fire Magic
 17715 | D:13     | Reached skill level 5 in Fighting
 17891 | D:13     | Reached skill level 17 in Spellcasting
 18076 | D:13     | Noticed a vault guard
 18088 | D:13     | Killed a vault guard
 18137 | D:13     | Noticed a vault guard
 18143 | D:13     | Killed a vault guard
 18147 | D:13     | Noticed a vault guard
 18171 | D:13     | Killed a vault guard
 18276 | D:13     | Found a gate to the Vaults.
 18465 | D:13     | Reached XP level 13. HP: 72/72 MP: 17/36
 19265 | D:14     | Reached skill level 5 in Armour
 19271 | D:14     | Reached skill level 18 in Spellcasting
 20858 | Temple   | Identified the +8 hand crossbow of Domination {penet, MR-
                  | Str+7 Int+3} (You bought it in a shop on level 11 of the
                  | Dungeon)
 20991 | Lair:1   | Entered Level 1 of the Lair of Beasts
 21435 | Lair:1   | Got a jewelled short sword
 21436 | Lair:1   | Identified the +4 short sword of Excruciating Pain {vorpal,
                  | MP-9 Int+8} (You found it on level 1 of the Lair of Beasts)
 22160 | Lair:2   | Got a fine leather armour
 23257 | Lair:3   | Got an ichor-stained leather armour
 23621 | Lair:3   | Reached skill level 19 in Spellcasting
 23775 | Lair:3   | Found a staircase to the Shoals.
 23885 | Lair:3   | Reached XP level 14. HP: 78/78 MP: 21/39
 24267 | Lair:3   | Got a masterwork ring mail
 24424 | Lair:4   | Found a shattered altar of Ashenzari.
 24550 | Lair:4   | Found a hole to the Spider Nest.
 25721 | Lair:5   | Offered knowledge of Fireball by Vehumet.
 25733 | Lair:5   | Learned a level 5 spell: Fireball
 26191 | Lair:5   | Noticed Rupert
 26209 | Lair:5   | Paralysed by Rupert for 7 turns
 26224 | Lair:5   | Killed Rupert
 26431 | Lair:5   | Found a staircase to the Slime Pits.
 26613 | Lair:5   | Reached skill level 20 in Spellcasting
 26898 | Lair:6   | Entered Level 6 of the Lair of Beasts
 27424 | Lair:6   | Slain by a blink frog

Illustrated notes

Levels and vault maps discovered:
D:1:      erik_arrival_triangle_medium, layout_basic
D:2:      layout_loops_ring, serial_glass, glass_columns_b, glass_columns_b,
          first_ration, okawaru_trees_2, uniq_natasha, uniq_robin
D:3:      layout_loops_cross, cheibriados_altar_1,
          nicolae_overflow_hidden_temple, portal_sewer_entry_e, uniq_ijyb
D:4:      layout_loops_ring, grunt_temple_overflow_holy_war, serial_shops,
          kennysheep_mini, minivault_24
D:5:      layout_basic, serial_shops, shop, nicolae_shop_stone, shop,
          kennysheep_little_box, shop
D:6:      layout_loops_ring, minmay_temple_entry_proselytizer, enter_ossuary_2,
          uniq_pikel
D:7:      layout_cave_pods, grunt_ogre_cave, trog_book, uniq_maggie
D:8:      minmay_distorted_concentric_squares, layout_loops_cross,
          david_lair_shrubbed, serial_shops, kennysheep_mini_moat,
          nicolae_shop_waterfront, nicolae_shop_temple_entry_statues_fountains
D:9:      layout_long_grid, lemuel_coloured_pillars_altar, orc_0_dummy,
          xom_shifter_show
D:10:     layout_roguey, serial_shops, shop_fountains, minmay_ruffians,
          uniq_urug
D:11:     layout_loops_cross, serial_shops, nicolae_shop_crystal,
          nicolae_shop_crystal, nicolae_shop_waterfront, shop
D:12:     layout_grid_maze, david_defended_altar_orc
D:13:     layout_basic, grunt_vaults_entry_fortified, fedhas_altar_3
D:14:     layout_gridville, chequers_big_river
Temple:   minmay_temple_bridge_d
Lair:1:   layout_small_grid, eino_small_chamber_without_monster,
          serial_bayou_crossing, serial_bayou_shore_b
Lair:2:   statuecave_lemuel, layout_cellular_growth, lemuel_fruit_fields
Lair:3:   layout_loops_ring, minmay_shoals_entry_centaurs,
          minmay_lair_oklob_items, serial_bayou_shore_b, grunt_megastairs_2
Lair:4:   layout_hall_layers, spider_nest_entry_web_field, basic_altar,
          chequers_serial_rivers_micro_b, minivault_27, fungi_pond_lemuel,
          beast_lair_carwin_5, minmay_lair_oklob_chamber
Lair:5:   layout_layer_cave, minmay_slime_entry_oklob_enclosed, uniq_rupert
Lair:6:   wormcave, layout_misc_corridors, guppyfry_lair_end_dragon,
          minmay_shattered_shrine

Skill      XL: |  1  2  3  4  5  6  7  8  9 10 11 12 13 14 |
---------------+-------------------------------------------+-----
Spellcasting   | 5 6 7 8 10 12 14 15 17 19 20 | 20.5
Fighting       | 1 2 3 4 5 6 |  6.0
Armour         | 1 3 4 6 |  6.7
Conjurations   | 2 3 4 5 7 8 9 10 12 13 | 13.0
Fire Magic     | 1 3 4 6 7 9 10 11 12 | 12.6
Dodging        | 3 |  3.0
Air Magic      | 1 |  1.2
Stealth        | 3 |  3.0
Poison Magic   | 1 |  1.0
Evocations     | 1 |  1.1
Earth Magic    | 1 |  1.1
Shields        | 1 3 4 |  4.0
Summonings     | |  1.1
Translocations | |  1.1

Action                   |  1- 3 |  4- 6 |  7- 9 | 10-12 | 13-15 || total
-------------------------+-------+-------+-------+-------+-------++-------
Melee: Unarmed           |     9 |       |       |       |       ||     9
       Short sword       |       |    26 |       |       |       ||    26
       Hand axe          |       |     8 |    62 |    77 |       ||   147
       Scimitar          |       |       |       |    20 |    22 ||    42
Throw: Dart              |       |       |       |       |     3 ||     3
 Cast: Magic Dart        |    95 |   205 |   126 |    10 |       ||   436
       Mephitic Cloud    |       |     7 |    10 |    43 |    15 ||    75
       Call Imp          |       |     5 |     5 |     2 |       ||    12
       Conjure Flame     |       |     2 |    17 |    37 |     8 ||    64
       Blink             |       |     1 |     2 |       |     9 ||    12
       Foxfire           |       |       |    93 |   159 |    17 ||   269
       Stone Arrow       |       |       |    35 |   141 |     1 ||   177
       Apportation       |       |       |     2 |       |       ||     2
       Bolt of Magma     |       |       |       |    28 |   234 ||   262
       Fireball          |       |       |       |       |    67 ||    67
 Abil: Evoke Flight      |       |       |       |       |     1 ||     1
Evoke: Wand              |       |       |     1 |       |     3 ||     4
  Use: Scroll            |       |       |       |    12 |       ||    12
       Potion            |       |       |       |       |     1 ||     1
 Stab: Confused          |       |     1 |     5 |     8 |     3 ||    17
       Sleeping          |       |     1 |       |       |       ||     1
  Eat: Chunk             |     2 |    12 |    14 |    16 |    24 ||    68
       Ration            |       |       |     1 |     2 |     1 ||     4
Armor: Robe              |     7 |    10 |       |       |       ||    17
       Leather armour    |       |     4 |    28 |    14 |       ||    46
       Troll leather arm |       |       |       |    38 |    18 ||    56
       Swamp dragon scal |       |       |       |       |    30 ||    30
Dodge: Dodged            |    19 |    50 |    49 |    73 |    62 ||   253
       Rpst.: Scimitar   |       |       |       |     4 |    20 ||    24
